 Dungeon Crawl Stone Soup version 0.30.1-11-g7821555f0a (webtiles) character file.

Game seed: 4552128022948055494

1118 lonewolfV2 the Blocker (level 8, -1/68 HPs)
             Began as a Formicid Fighter on Nov 16, 2023.
             Slain by a two-headed ogre
             ... wielding a +0 giant club
              (7 damage)
             ... on level 5 of the Dungeon.
             The game lasted 00:07:02 (4216 turns).

lonewolfV2 the Blocker (Formicid Fighter)           Turns: 4216, Time: 00:07:02

Health: -1/68      AC: 12    Str: 22 (23) XL:     8   Next: 60%
Magic:  8/8        EV:  6    Int:  8      God:
Gold:   892        SH:  6    Dex: 11 (13) Spells: 7/7 levels left

rFire   . . .        a - +0 war axe
rCold   . . .        c - +0 buckler
rNeg    . . .        i - +0 plate armour
rPois   .            (helmet unavailable)
rElec   .            (no cloak)
rCorr   .            b - +0 pair of gloves
SInv    +            (no boots)
Will    .....        (no amulet) Stlth
                     (no ring)
HPRegen 0.31/turn    (no ring)
MPRegen 0.11/turn

%: no passive effects
@: mighty, lethally poisoned (-1 -> -1), studying Shields
A: permanent stasis, dig shafts and tunnels, antennae 3, four strong arms
a: Dig, Shaft Self


You were on level 5 of the Dungeon.
You visited 1 branch of the dungeon, and saw 5 of its levels.

You collected 892 gold pieces.

Inventory:

Hand Weapons
 a - a +0 war axe (weapon)
Missiles
 h - a throwing net
Armour
 b - a +0 pair of gloves (worn)
 c - a +0 buckler (worn)
 i - a +0 plate armour (worn)
Wands
 m - a wand of flame (20)
Scrolls
 k - 3 scrolls of amnesia
Potions
 g - 3 potions of flight
 j - 2 potions of brilliance
 l - a potion of mutation {unknown}
 n - 2 potions of invisibility {unknown}
 o - a potion of magic
 p - a potion of haste {unknown}
 q - a potion of resistance {unknown}


   Skills:
 * Level 8.1 Fighting
 - Level 4.1 Axes
 - Level 3.2 Armour
 + Level 11.2 Shields


You had 7 spell levels left.
You didn't know any spells.
Your spell library contained the following spells:

 Spells                   Type           Power      Damage    Failure   Level
 Necrotise                Necr           0%         1d4       100%        1
 Stone Arrow              Conj/Erth      0%         3d7       100%        3
 Vampiric Draining        Necr           0%         2d6       100%        3
 Animate Armour           Summ/Erth      0%         N/A       100%        4
 Agony                    Necr           0%         N/A       100%        5
 Lehudib's Crystal Spear  Conj/Erth      0%         10d2      100%        8


Dungeon Overview and Level Annotations

Branches:
Dungeon (5/15)
 Temple: D:4-7

Altars:
Makhleb
Vehumet


Innate Abilities, Weirdness & Mutations

You cannot be hasted, slowed, berserked, paralysed or teleported.
You can dig through walls and to a lower floor.
You have a pair of large antennae on your head. (SInv)
Your four strong arms can wield two-handed weapons with a shield.


Message History

Look: a two-headed ogre, wielding a +0 giant club and a +0 giant spiked club (lightly wounded, chance to affect: 90%)
As you read the scroll of fear, it crumbles to dust.
You assume a fearsome visage.
The two-headed ogre looks frightened!
The adder looks frightened!
The iguana looks frightened!
You feel better.
You feel very mighty all of a sudden.
Cornered, the adder turns to fight!
There is an open door, spattered with blood here.
Cornered, the iguana turns to fight!
Cornered, the two-headed ogre turns to fight!
The adder bites you but does no damage. The adder attacks as you move away!
The adder bites you but does no damage.
You hit the adder.
The adder is moderately wounded.
The adder bites you.
* * * LOW HITPOINT WARNING * * *
You are poisoned.
The adder poisons you!
You slash the adder!
The adder is almost dead.
You feel sick. The adder bites you but does no damage.
You block the adder's attack.
You hit the adder.
You kill the adder!
You feel sick.
You feel your intelligence returning.
Aiming: Throw Flame
Press: ? - help, Q - select action, (/) - cycle Shift-Dir - straight line, f/p - two-headed ogre
Aim: a two-headed ogre, wielding a +0 giant club and a +0 giant spiked club (lightly wounded, 85% to hit)
The puff of flame hits the two-headed ogre.
The two-headed ogre is lightly wounded.
You feel sick.
You slash the two-headed ogre!
The two-headed ogre is moderately wounded.
You feel sick.
The two-headed ogre hits you with a +0 giant club!
* * * LOW HITPOINT WARNING * * *
The two-headed ogre hits you with a +0 giant spiked club!
You die...

##.##...#........#.
{#.#...##..####.##. #.
+#.#).##... ##.##.
....###...###....
#.....
........8........
#.....
...###l..###....
+..... . #.'#.#†.##...
##.... #...#O#...##.
#.... #.l.##@##...#.##
#.... #O.##...##.)#...
#....
####.....####....
#..##
...............##..##
#..##.....##..........
....
..................
#...
......##....##....
#... ......##....
#..## #... #..##


You could see a two-headed ogre and an iguana.

Vanquished Creatures
  Grinder (D:4)
  Sigmund (D:4)
  Duvessa (D:4)
  2 phantoms
  A bullfrog (D:4)
  Dowan (D:4)
  A jelly (D:5)
  A hound (D:5)
  A gnoll bouda (D:5)
  An iguana (D:5)
  2 sleepcaps (D:4)
  6 gnolls
  6 adders
  An ufetubus (D:5)
  A worm (D:3)
  5 dart slugs
  9 orcs
  5 bats
  5 endoplasms
  7 giant cockroaches
  4 goblins
  10 hobgoblins
  11 jackals
  11 kobolds
  3 quokkas
  5 ball pythons
  2 frilled lizards
  7 rats
111 creatures vanquished.

Notes
Turn   | Place    | Note
-------+----------+-------------------------------------------
     0 | D:1      | lonewolfV2 the Formicid Fighter began the quest for the
                  | Orb.
     0 | D:1      | Reached XP level 1. HP: 18/18 MP: 1/1
   145 | D:1      | Reached XP level 2. HP: 23/24 MP: 2/2
   568 | D:1      | Reached XP level 3. HP: 30/30 MP: 3/3
   719 | D:1      | Identified a scroll of acquirement
   719 | D:1      | Acquired 728 gold pieces
   871 | D:2      | Reached XP level 4. HP: 36/37 MP: 4/4
  1117 | D:2      | Found a burning altar of Makhleb.
  1118 | D:2      | Acquired a manual of Shields
  1317 | D:3      | Found a radiant altar of Vehumet.
  1438 | D:3      | Noticed a phantom
  1451 | D:3      | Killed a phantom
  1452 | D:3      | Reached skill level 5 in Shields
  1452 | D:3      | Reached XP level 5. HP: 40/43 MP: 5/5
  1617 | D:3      | Reached skill level 5 in Fighting
  1643 | D:3      | Reached XP level 6. HP: 31/51 MP: 6/6
  2055 | D:4      | Noticed Sigmund
  2081 | D:4      | Killed Sigmund
  2082 | D:4      | Reached skill level 7 in Shields
  2082 | D:4      | Reached XP level 7. HP: 36/57 MP: 7/7
  2336 | D:4      | Reached skill level 8 in Shields
  2740 | D:4      | Noticed Grinder
  2750 | D:4      | Noticed Duvessa
  2751 | D:4      | Noticed Dowan
  2766 | D:4      | Killed Duvessa
  2767 | D:4      | Reached skill level 9 in Shields
  2769 | D:4      | Killed Grinder
  2770 | D:4      | Reached skill level 10 in Shields
  2770 | D:4      | Reached XP level 8. HP: 35/67 MP: 8/8
  2775 | D:4      | Killed Dowan
  2782 | D:4      | HP: 3/67 [poisoned by Dowan]
  3651 | D:5      | Entered Level 5 of the Dungeon
  3996 | D:5      | Reached skill level 11 in Shields
  4198 | D:5      | Noticed a two-headed ogre
  4216 | D:5      | Slain by a two-headed ogre

Illustrated notes

Levels and vault maps discovered:
D:1:      dpeg_arrival_leaves_temple_mockup, layout_basic, minmay_heptomino_o4
D:2:      layout_rooms, basic_altar, amcnicky_mini_pool_small,
          minmay_misc_feat_tower
D:3:      layout_loops_ring, mainiacjoe_overflow_brackets, st_stairs_6
D:4:      layout_basic, corexii_hall_statues_l, uniq_sigmund, uniq_grinder,
          uniq_duvessa
D:5:      cheibrodos_barr_body, layout_gridville

Skill      XL: |  1  2  3  4  5  6  7  8 |
---------------+-------------------------+-----
Fighting       | 4 5 7 8 |  8.1
Axes           | 3 4 |  4.1
Shields        | 5 7 10 11 | 11.2
Armour         | |  3.2

Action                     |  1- 3 |  4- 6 |  7- 9 || total
---------------------------+-------+-------+-------++-------
  Melee: War axe           |    78 |   121 |   121 ||   320
  Evoke: Wand              |       |       |     1 ||     1
    Use: Scroll            |     9 |     5 |     1 ||    15
         Potion            |       |       |     6 ||     6
 Armour: Plate armour      |    78 |    69 |    86 ||   233
         Scale mail        |     1 |       |       ||     1
  Dodge: Dodged            |    31 |    42 |    50 ||   123
  Block: Buckler           |    27 |    28 |    41 ||    96
